 Dungeon Crawl Stone Soup version 0.26.1-2-gb8aa6d0cf2 (webtiles) character file.

Game seed: 6134599898070261004

1190 Revguard the Slinger (level 8, 0/46 HPs)
             Began as a Halfling Hunter on Mar 10, 2021.
             Was an Initiate of Hepliaklqana.
             Slain by a lemure (4 damage)
             ... led by Pikel
             ... while paralysed by Pikel
             ... on level 7 of the Dungeon.
             The game lasted 00:28:11 (6026 turns).

Revguard the Slinger (Halfling Hunter)              Turns: 6026, Time: 00:28:11

Health: 0/46       AC:  8    Str: 13    XL:     8   Next: 71%
Magic:  9/9        EV:  3    Int:  9    God:    Hepliaklqana [......]
Gold:   411        SH:  0    Dex: 17    Spells: 7/7 levels left

rFire    . . .     SeeInvis +   b - +1 short sword (venom)
rCold    + . .     Faith    .   (shield restricted)
rNeg     . . .     Spirit   .   w - +2 leather armour {rC+}
rPois    .         Reflect  .   m - +0 helmet
rElec    .         Harm     .   f - +0 cloak
rCorr    .         Rampage  .   n - +0 pair of gloves
Will     .....                  (no boots)
Stlth    ++........             h - amulet of magic regeneration
HPRegen  0.15/turn              (no ring)
MPRegen  0.36/turn              (no ring)

@: paralysed
A: small, reduced essence, see invisible, mutation resistance 1, MP-powered
wands
a: Renounce Religion, Recall Ancestor, Ancestor Identity


You were on level 7 of the Dungeon.
You worshipped Hepliaklqana.
Hepliaklqana was noncommittal.
You visited 2 branches of the dungeon, and saw 8 of its levels.

You collected 411 gold pieces.

Inventory:

Hand Weapons
 a - a +6 hunting sling
 b - a +1 short sword of venom (weapon)
Missiles
 d - 22 sling bullets
 e - 195 stones
 o - 4 curare-tipped darts (quivered)
 q - 21 poisoned darts
Armour
 f - a +0 cloak (worn)
 m - a +0 helmet (worn)
 n - a +0 pair of gloves (worn)
 w - a +2 leather armour of cold resistance (worn)
Jewellery
 c - an uncursed ring of stealth
 h - an amulet of magic regeneration (around neck)
Wands
 s - a wand of random effects (59)
 v - a wand of polymorph (22)
Scrolls
 j - 3 scrolls of teleportation
 k - 2 scrolls of fear
 l - a scroll of enchant armour
 p - 3 scrolls of remove curse
 r - a scroll of fog
 x - 3 scrolls of identify
 y - a scroll of immolation {unknown}
 z - a scroll of amnesia {unknown}
 A - a scroll of magic mapping {unknown}
Potions
 g - a potion of curing
 i - a potion of invisibility
 t - 2 potions of ambrosia
 u - 2 potions of attraction


   Skills:
 + Level 3.2 Fighting
 * Level 5.8 Short Blades
 + Level 9.8 Slings
 + Level 3.0 Armour
 + Level 3.8 Dodging
 * Level 3.3 Stealth
 * Level 2.0 Invocations


You had 7 spell levels left.
You didn't know any spells.
Your spell library was empty.

Dungeon Overview and Level Annotations

Branches:
Dungeon (7/15)             Temple (1/1) D:5

Altars:
Ashenzari
Cheibriados
Elyvilon
Fedhas
Gozag
Hepliaklqana
Kikubaaqudgha
Makhleb
Okawaru
Qazlal
Ru
Trog
Uskayaw
Vehumet
Wu Jian
Xom
Yredelemnul
Zin
The Shining One

Annotations:
D:7 Pikel


Innate Abilities, Weirdness & Mutations

You are small and have problems with some larger weapons.
You are somewhat resistant to further mutation.
Your life essence is reduced to manifest your ancestor. (-10% HP)
You have supernaturally acute eyesight. (SInv)
You expend magic power (3 MP) to strengthen your wands.


Message History

Throw: 5 darts (curare)
Press: ? - help, Q - select action, (/) - cycle Shift-Dir - straight line, f - Pikel
Aim: Pikel, wielding a +1 whip of electrocution, wearing a +0 robe of the Archmagi and carrying a wand of paralysis (11) (lightly wounded, extremely poisoned, 56% to hit)
You throw a curare-tipped dart.
The curare-tipped dart closely misses Pikel.
The curare-tipped dart hits the lemure.
The lemure is poisoned.
The lemure convulses.
The lemure seems to slow down.
The lemure is moderately wounded.
The lemure hits you. Pikel hits you but does no damage.
You barely miss Pikel.
Pikel is moderately wounded.
The lemure hits you.
Pikel zaps a wand.
You suddenly lose the ability to move!
The lemure hits you.
Pikel zaps a wand.
You shrug off the repeated paralysis!
The lemure hits you!
* * * LOW HITPOINT WARNING * * *
Pikel hits you with a +1 whip of electrocution.
* * * LOW HITPOINT WARNING * * *
The lemure hits you.
You die... #.#######.# #..55K@5..# ###########

You could see Pikel (very poisoned) and 3 lemures.

Vanquished Creatures
  An ogre (D:6)
  A lemure (D:7)
  A bullfrog (D:6)
  A scorpion (D:6)
  A howler monkey (D:2)
  A hound (D:6)
  A jelly (D:5)
  5 orc wizards
  An orc priest (D:6)
  An iguana (D:6)
  4 worker ants
  A hound skeleton (D:4)
  A howler monkey skeleton (D:4)
  15 adders
  A gnoll (D:4)
  2 white imps (D:5)
  An ufetubus (D:6)
  An ooze (D:5)
  An adder zombie (D:5)
  4 worms
  A dart slug (D:1)
  8 leopard geckos
  19 orcs
  A ball python (D:6)
  2 giant cockroaches
  7 goblins
  11 hobgoblins
  4 quokkas
  2 ball python skeletons (D:4)
  11 bats
  4 frilled lizards
  8 kobolds
  6 rats
129 creatures vanquished.

Vanquished Creatures (collateral kills)
  A phantom (D:6)
  A bullfrog (D:6)
  A jelly (D:6)
  2 orc wizards (D:6)
  An orc (D:6)
6 creatures vanquished.

Vanquished Creatures (others)
  An ancestor (D:7)
1 creature vanquished.

Grand Total: 136 creatures vanquished

Notes
Turn   | Place    | Note
-------+----------+-------------------------------------------
     0 | D:1      | Revguard the Halfling Hunter began the quest for the Orb.
     0 | D:1      | Reached XP level 1. HP: 14/14 MP: 1/1
    74 | D:1      | Reached skill level 6 in Slings
   137 | D:1      | Reached XP level 2. HP: 19/19 MP: 2/2
   237 | D:1      | Reached skill level 1 in Short Blades
   470 | D:1      | Reached XP level 3. HP: 24/24 MP: 3/3
  1100 | D:2      | Reached skill level 1 in Armour
  1162 | D:2      | Reached skill level 7 in Slings
  1162 | D:2      | Reached XP level 4. HP: 28/29 MP: 4/4
  1616 | D:2      | Reached XP level 5. HP: 34/34 MP: 5/5
  2381 | D:3      | Reached skill level 8 in Slings
  2603 | D:3      | Reached XP level 6. HP: 29/39 MP: 6/6
  3515 | D:4      | Reached XP level 7. HP: 34/45 MP: 7/7
  3767 | D:5      | Entered Level 5 of the Dungeon
  4135 | D:5      | Reached skill level 9 in Slings
  4228 | D:5      | Found a staircase to the Ecumenical Temple.
  4232 | Temple   | Entered the Ecumenical Temple
  4407 | Temple   | Became a worshipper of Hepliaklqana the Forgotten
  5107 | D:6      | Reached XP level 8. HP: 42/45 MP: 8/8
  5190 | D:6      | Reached skill level 1 in Invocations
  5272 | D:6      | Reached skill level 5 in Short Blades
  5567 | D:6      | Found an ornate altar of the Wu Jian Council.
  5567 | D:6      | Found a hide-covered altar of Uskayaw.
  5983 | D:6      | Gained mutation: You have supernaturally acute eyesight.
                  | (SInv) [potion of mutation]
  5983 | D:6      | Gained mutation: You expend magic power (3 MP) to
                  | strengthen your wands. [potion of mutation]
  6004 | D:7      | Noticed Pikel
  6023 | D:7      | Paralysed by Pikel for 6 turns
  6026 | D:7      | Slain by a lemure

Illustrated notes

Levels and vault maps discovered:
D:1:      minmay_arrival_shattered_statue, layout_basic
D:2:      layout_basic, lightli_corner_chamber
D:3:      minmay_spotlight, layout_basic
D:4:      minmay_evil_eye, layout_basic
D:5:      layout_basic, minmay_temple_entry_grid
D:6:      layout_gridville, gammafunk_temple_overflow_elements
D:7:      layout_loops_cross, minmay_hollow_rounded_squares, uniq_pikel,
          uniq_joseph, uniq_menkaure
Temple:   minmay_crystal_spiral_temple

Skill      XL: |  1  2  3  4  5  6  7  8 |
---------------+-------------------------+-----
Slings         | 6 7 8 9 |  9.8
Short Blades   | 1 2 3 4 5 |  5.8
Armour         | 1 2 3 |  3.0
Fighting       | 2 3 |  3.2
Dodging        | 3 |  3.8
Stealth        | 2 3 |  3.3
Invocations    | 2 |  2.0

Action                   |  1- 3 |  4- 6 |  7- 9 || total
-------------------------+-------+-------+-------++-------
Melee: Short sword       |       |   111 |   119 ||   230
 Fire: Hunting sling     |    58 |   144 |    63 ||   265
Throw: Dart              |       |     1 |     2 ||     3
Invok: Recall Ancestor   |       |       |     1 ||     1
       Ancestor Identity |       |       |     1 ||     1
  Use: Scroll            |       |     7 |     2 ||     9
       Potion            |       |     5 |     2 ||     7
 Stab: Distracted        |       |       |     1 ||     1
Armor: Leather armour    |       |    26 |    40 ||    66
Dodge: Dodged            |     8 |   112 |   122 ||   242
